AoeStats
← REAKA Rojo27

Arabia

507907578Analyzed
3v3 RM · 13d ago on Sep 20, 2026· 60m 42s· 6 players
Game mode
Random Map
Map size
Normal (6 player)
Population
200
Speed
Normal
Resources
Standard
Victory
Conquest
Starting age
Dark Age
Ending age
Imperial Age
RankedLock teamsTeams togetherTeam positionsShared explorationLock speedFull tech treeHidden civsTurbo modeCheats
Victory
Defeat
🇲🇽 Maya · Mexico
668
+19
🇲🇽 Mongols · Mexico
667
+19
🇲🇽 Georgians · Mexico
643
+20
🇲🇽 Burgundians · Mexico
880
-25
🇲🇽 Mapuche · Mexico
733
-19
🇲🇽 Inca · Mexico
594
-14
crazy84aac
11:07 Feudal Age
9:22 Loom
12:44 Double-Bit Axe
18:30 Forging
19:44 Wheelbarrow
20:28 Horse Collar
25:13 Castle Age
26:33 Hand Cart
27:05 Bow Saw
26:51 Gold Mining
29:49 Bloodlines
29:52 Stone Mining
30:38 Gold Shaft Mining
30:43 Scale Barding Armor
31:13 Iron Casting
32:17 Thumb Ring
32:12 Fletching
32:25 Padded Archer Armor
34:25 Chain Barding Armor
34:02 Bodkin Arrow
39:16 Stone Shaft Mining
39:29 Leather Archer Armor
45:34 Imperial Age
42:50 Town Watch
48:40 Blast Furnace
48:05 Bracer
50:27 Elite Mangudai
51:32 Conscription
GfJaiR
3:04 Loom
10:33 Feudal Age
11:43 Horse Collar
11:50 Double-Bit Axe
19:33 Bloodlines
21:16 Scale Barding Armor
24:33 Castle Age
24:29 Wheelbarrow
23:39 Town Watch
24:35 Wheelbarrow
25:14 Heavy Plow
25:28 Bow Saw
25:12 Gold Mining
25:16 Stone Mining
27:08 Chain Barding Armor
33:08 Pikeman
38:56 Hand Cart
38:42 Town Patrol
40:10 Padded Archer Armor
40:01 Fletching
44:24 Ballistics
46:37 Imperial Age
45:36 Murder Holes
50:05 Plate Barding Armor
48:55 Heavy Scorpion
50:30 Elite Monaspa
51:22 Aznauri Cavalry
56:32 Conscription
AIOROS
0:26 Loom
10:18 Feudal Age
11:17 Double-Bit Axe
11:20 Horse Collar
20:09 Castle Age
18:30 Fletching
19:25 Padded Archer Armor
21:15 Bow Saw
21:06 Gold Mining
20:51 Crossbowman
22:37 Stone Mining
23:33 Bodkin Arrow
23:54 Leather Archer Armor
24:31 Ballistics
25:30 Wheelbarrow
24:55 Treadmill Crane
26:05 Murder Holes
27:29 Thumb Ring
32:14 Imperial Age
31:41 Hand Cart
30:58 Pikeman
32:30 Masonry
32:13 Arson
32:42 Heavy Plow
33:42 Forging
35:09 Chemistry
34:36 Scale Mail Armor
36:54 Chain Mail Armor
37:54 Iron Casting
37:05 Eagle Warrior
38:21 Herbal Medicine
39:55 Blast Furnace
41:06 Plate Mail Armor
39:59 Halberdier
40:44 Bracer
41:20 Ring Archer Armor
41:29 Conscription
42:06 Guilds
43:41 Architecture
42:45 Elite Eagle Warrior
43:26 Squires
44:55 Holcans
49:28 Fortified Wall
50:30 Arbalester
55:04 Hoardings
REAKA Rojo27
0:38 Loom
13:31 Feudal Age
17:17 Castle Age
42:04 Fletching
42:16 Padded Archer Armor
42:27 Forging
42:17 Scale Mail Armor
42:23 Caravan
42:54 Coinage
49:52 Pikeman
52:36 Double-Bit Axe
55:28 Bodkin Arrow
55:48 Leather Archer Armor
55:49 Chain Mail Armor
56:10 Iron Casting
REAKA Kasper
7:12 Loom
12:11 Feudal Age
11:11 Double-Bit Axe
19:08 Castle Age
17:02 Horse Collar
19:25 Cavalier
20:06 Husbandry
26:17 Scale Barding Armor
26:43 Heavy Plow
28:16 Chain Barding Armor
34:08 Crop Rotation
33:53 Bow Saw
36:23 Imperial Age
35:43 Forging
35:30 Gold Mining
36:48 Two-Man Saw
37:43 Plate Barding Armor
37:44 Iron Casting
37:57 Paladin
40:33 Wheelbarrow
40:48 Burgundian Vineyards
41:05 Conscription
42:15 Pikeman
42:56 Squires
44:59 Flemish Revolution
45:37 Scale Mail Armor
46:37 Blast Furnace
47:12 Light Cavalry
52:19 Chain Mail Armor
55:45 Ballistics
55:29 Elite Skirmisher
59:27 Chemistry
juanito el manco
14:47 Feudal Age
19:39 Castle Age
30:49 Wheelbarrow
30:07 Loom
32:30 Horse Collar
33:35 Double-Bit Axe
34:15 Heavy Plow
36:08 Bow Saw
36:23 Gold Mining
37:25 Hand Cart
38:27 Stone Mining
40:41 Caravan
42:35 Arson
44:09 Pikeman
56:42 Coinage
Connection lost

Rejoining the realm…

Still unreachable

The connection could not be restored.

Session expired

The server has moved on; the page needs a fresh start.